 Dungeon Crawl Stone Soup version 0.29.0-4-gdea44cf6ec (webtiles) character file.

Game seed: 13084105560077584699

5198 qw the Cleaver (level 10, 0/86 HPs)
             Began as a Minotaur Fighter on Sept 5, 2022.
             Was a Follower of Ru.
             Slain by a boulder beetle (5 damage)
             ... on level 8 of the Dungeon.
             The game lasted 00:03:00 (7925 turns).

qw the Cleaver (Minotaur Fighter)                   Turns: 7925, Time: 00:03:00

Health: 0/86       AC: 17    Str: 26    XL:     10   Next: 34%
Magic:  9/9        EV: 10    Int:  5    God:    Ru [*.....]
Gold:   6          SH:  9    Dex:  9    Spells: 9/9 levels left

rFire   . . .      SeeInvis .   Y - +4 war axe
rCold   . . .      Faith    .   j - +0 kite shield
rNeg    . . .      Spirit   .   e - +0 plate armour
rPois   .          Reflect  .   (helmet restricted)
rElec   .          Harm     .   a - +0 cloak
rCorr   .          Rampage  .   (no gloves)
Will    .....                   h - +2 pair of boots
Stlth   ..........              (no amulet)
HPRegen 0.24/turn               f - +4 ring of evasion
MPRegen 0.11/turn               (no ring)

@: about to teleport
A: horns 2, unskilled 1, retaliatory headbutt
a: Renounce Religion


You were on level 8 of the Dungeon.
You worshipped Ru.
Ru was aware of your devotion.
You visited 2 branches of the dungeon, and saw 9 of its levels.

You collected 572 gold pieces.
You spent 566 gold pieces at shops.


Innate Abilities, Weirdness & Mutations

You have a pair of horns on your head.
You are somewhat unskilled. (-1 Apt)
You reflexively headbutt those who attack you in melee.


   Skills:
 - Level 7.2 Fighting
 - Level 12.0 Axes
 - Level 3.0 Throwing
 - Level 6.1 Armour
 - Level 2.0 Dodging
 + Level 8.1 Shields


You had 9 spell levels left.
You didn't know any spells.
Your spell library was empty.

Inventory:

Hand Weapons
 b - a +0 morningstar
 Y - a +4 war axe (weapon)
Missiles
 m - 5 boomerangs (quivered)
Armour
 a - a +0 cloak (worn)
 e - a +0 plate armour (worn)
 h - a +2 pair of boots (worn)
 j - a +0 kite shield (worn)
Jewellery
 f - a +4 ring of evasion (left hand)
Scrolls
 i - a scroll of teleportation
 k - a scroll of summoning {unknown}
 p - 3 scrolls of identify
 q - a scroll of brand weapon {unknown}
Potions
 c - 7 potions of curing
 d - a potion of might
 g - 3 potions of resistance
 l - 3 potions of haste
 n - a potion of cancellation
 o - a potion of mutation

Dungeon Overview and Level Annotations

Branches:
Dungeon (8/15)             Temple (1/1) D:6
   Lair: D:8-11

Altars:
Ashenzari
Cheibriados
Dithmenos
Elyvilon
Fedhas
Gozag
Hepliaklqana
Kikubaaqudgha
Makhleb
Nemelex Xobeh
Okawaru
Qazlal
Ru
Sif Muna
Trog
Uskayaw
Vehumet
Wu Jian
Xom
Yredelemnul
Zin
The Shining One

Shops:
D:3 !   D:4 (   D:5 [   D:7 !   D:8 ?

Annotations:
D:3 3 runed translucent doors, qw's ghost, amateur FoCA; qw's ghost, amateur GrBe; qw's ghost, amateur MiFi


Message History

The boomerang hits the boulder beetle but does no damage.
You hit the boulder beetle but do no damage.
The boulder beetle bites you!
You slash the boulder beetle!
You headbutt the boulder beetle, but do no damage.
The boulder beetle is moderately wounded.
The boulder beetle completely misses you.
You hit the boulder beetle.
You headbutt the boulder beetle, but do no damage.
The boulder beetle is moderately wounded.
The boulder beetle bites you!
You barely miss the boulder beetle.
The boulder beetle is moderately wounded.
You block the boulder beetle's attack.
You hit the boulder beetle but do no damage.
You headbutt the boulder beetle!
The boulder beetle is moderately wounded.
The boulder beetle bites you but does no damage.
You hit the boulder beetle but do no damage.
You headbutt the boulder beetle, but do no damage.
The boulder beetle is moderately wounded.
The boulder beetle bites you.
You slash the boulder beetle!
The boulder beetle is heavily wounded.
The boulder beetle bites you!
You hit the boulder beetle but do no damage.
The boulder beetle is heavily wounded.
The boulder beetle bites you!
You hit the boulder beetle but do no damage.
The boulder beetle is moderately wounded.
The boulder beetle bites you!
You barely miss the boulder beetle.
You headbutt the boulder beetle, but do no damage.
The boulder beetle is moderately wounded.
The boulder beetle bites you!!
7925 ||| READING 2 scrolls of teleportation.
As you read the scroll of teleportation, it crumbles to dust.
You feel strangely unstable. The boulder beetle bites you.
You die...

##.#.##..#.#######.#.....
###...##..###.## ##.#.....
##....##..##?##.## #.......#
#....##..##...##.###.......#
#.#.##..##..#..##.##......(#
#..##B.##..###..##.#........
##.##..##..##)##..##.........
#.##..##}..'..}##..##........
##.##..##[##@.##()##.........
##.##..###B.##..##.#..#.##^.
##.##..#..##..##.##........
##.##...##..##.###.##.##..
##.##.##..##.####.##.##..
##.###..##.###...##.###.
##.#..##.#..?.####.....
##..##....#### #.....
##.#...### #.....


You could see a boulder beetle.

Vanquished Creatures
  A centaur warrior (D:8)
  A cyclops (D:8)
  A slime creature (D:8)
  Sigmund (D:3)
  A wyvern (D:8)
  6 yaks (D:8)
  A steam dragon (D:8)
  Edmund (D:6)
  2 water moccasins
  An orc warrior (D:6)
  2 sky beasts
  A black bear (D:6)
  An ice beast (D:5)
  An ogre (D:5)
  A centaur (D:8)
  A kobold brigand (D:7)
  3 bullfrogs
  3 necrophages
  10 wights (D:8)
  6 killer bees (D:8)
  3 hounds
  A jelly (D:6)
  2 orc priests
  Jessica (D:2)
  3 iguanas
  Terence (D:3)
  7 orc wizards
  4 adders
  A shadow imp (D:8)
  An ufetubus (D:5)
  A worm (D:3)
  A dart slug (D:2)
  27 orcs
  9 ball pythons
  2 endoplasms
  A giant cockroach (D:4)
  4 goblins
  3 hobgoblins
  2 jackals (D:1)
  2 quokkas
  5 bats (D:1)
  3 frilled lizards
  7 kobolds (D:7)
  6 rats
142 creatures vanquished.

Vanquished Creatures (others)
  A plant (D:4)
  3 withered plants (D:3)
4 creatures vanquished.

Grand Total: 146 creatures vanquished

Notes
Turn   | Place    | Note
-------+----------+-------------------------------------------
     0 | D:1      | qw the Minotaur Fighter began the quest for the Orb.
     0 | D:1      | Reached XP level 1. HP: 19/19 MP: 0/0
     0 | D:1      | 0 ||| qw: Version: 0.1-a-104-g96f76f8
     0 | D:1      | 0 ||| qw: Game counter: 5980
     0 | D:1      | 0 ||| qw: Always use a shield: true
     0 | D:1      | 0 ||| qw: God list: Ru
     0 | D:1      | 0 ||| qw: Allow faded altars: false
     0 | D:1      | 0 ||| qw: Do Orc after D:15 true
     0 | D:1      | 0 ||| qw: Do second Lair branch before Depths: true
     0 | D:1      | 0 ||| qw: Lair rune preference: random
     0 | D:1      | 0 ||| qw: Plans: Normal
     0 | D:1      | 0 ||| PLANNING D:1-11
   197 | D:1      | 197 ||| Stepping ~*~*~tactically~*~*~ (stealth).
   199 | D:1      | Reached skill level 3 in Axes
   287 | D:1      | Reached XP level 2. HP: 26/26 MP: 1/1
   752 | D:1      | 752 ||| UPGRADING to +2 pair of boots.
   757 | D:1      | 757 ||| UPGRADING to +0 kite shield.
   767 | D:1      | 767 ||| DROPPING +0 buckler.
   768 | D:1      | 768 ||| UPGRADING to +4 ring of evasion.
   769 | D:1      | 769 ||| READING scroll labelled DOKA HONEO.
   770 | D:1      | 770 ||| READING scroll labelled OZOMINK TYCOWO.
   771 | D:1      | 771 ||| READING scroll labelled ASHROF OSAEFUF.
   772 | D:1      | 772 ||| READING scroll labelled HAPSEE HO TIO.
   890 | D:2      | Noticed Jessica
   891 | D:2      | 891 ||| Stepping ~*~*~tactically~*~*~ (hiding).
   893 | D:2      | Killed Jessica
   894 | D:2      | Reached skill level 4 in Axes
   894 | D:2      | Reached XP level 3. HP: 31/31 MP: 2/2
  1258 | D:2      | 1258 ||| DROPPING +0 whip.
  1263 | D:2      | Reached skill level 5 in Axes
  1428 | D:2      | 1428 ||| READING scroll labelled CINGIO OXKI.
  1429 | D:2      | 1429 ||| READING scroll labelled MUTUB KUGUATS.
  1430 | D:2      | 1430 ||| READING scroll labelled UKAURO KASCH.
  1431 | D:2      | 1431 ||| READING scroll labelled CIPNUKHL IHEKHO.
  1432 | D:2      | 1432 ||| DRINKING 3 glowing coppery potions.
  1433 | D:2      | 1433 ||| DRINKING 2 red potions.
  1434 | D:2      | 1434 ||| DRINKING 2 black potions.
  1435 | D:2      | 1435 ||| DROPPING potion of degeneration.
  1449 | D:3      | Found a runed translucent gate.
  1450 | D:3      | Found a runed translucent gate.
  1450 | D:3      | Found a runed translucent gate.
  1450 | D:3      | Noticed qw's ghost (amateur GrBe)
  1450 | D:3      | Noticed qw's ghost (amateur FoCA)
  1450 | D:3      | Noticed qw's ghost (amateur MiFi)
  1465 | D:3      | Found Xutiq's Distillery.
  1465 | D:3      | Noticed Terence
  1477 | D:3      | Killed Terence
  1478 | D:3      | Reached XP level 4. HP: 39/39 MP: 3/3
  1478 | D:3      | 1478 ||| Stepping ~*~*~tactically~*~*~ (stealth).
  1493 | D:3      | 1493 ||| BUYING 2 potions of curing (84 gold).
  1493 | D:3      | Bought 2 potions of curing for 84 gold pieces
  1493 | D:3      | 1493 ||| SHOPLISTING 2 potions of heal wounds (140 gold,
                  | have 54).
  1493 | D:3      | 1493 ||| BUYING potion of curing (42 gold).
  1493 | D:3      | Bought a potion of curing for 42 gold pieces
  1493 | D:3      | 1493 ||| SHOPLISTING potion of curing (42 gold, have 12).
  1493 | D:3      | 1493 ||| SHOPLISTING potion of heal wounds (70 gold, have
                  | 12).
  1493 | D:3      | 1493 ||| SHOPLISTING potion of mutation (112 gold, have
                  | 12).
  1570 | D:3      | 1570 ||| Stepping ~*~*~tactically~*~*~ (stealth).
  1655 | D:3      | Noticed Sigmund
  1656 | D:3      | 1656 ||| Stepping ~*~*~tactically~*~*~ (hiding).
  1665 | D:3      | Killed Sigmund
  1666 | D:3      | Reached skill level 7 in Axes
  1666 | D:3      | Reached XP level 5. HP: 39/45 MP: 4/4
  1666 | D:3      | Reached XP level 6. HP: 44/51 MP: 5/5
  1723 | D:3      | Found a faded altar of an unknown god.
  1856 | D:3      | Identified the +6 short sword "Lougot" {vorpal, rF- rC++}
  1935 | D:3      | 1935 ||| READING scroll labelled QAN CIOCITT.
  1981 | D:4      | Found Jyxyg Ober's Antique Weapon Shoppe.
  1997 | D:4      | 1997 ||| SHOPLISTING +5 demon whip "Spellbinder"
                  | {antimagic, Will+} (2395 gold, have 74).
  1997 | D:4      | 1997 ||| SHOPLISTING fading morningstar (261 gold, have
                  | 74).
  2067 | D:4      | Reached skill level 1 in Dodging
  2142 | D:4      | 2142 ||| Stepping ~*~*~tactically~*~*~ (stealth).
  2510 | D:4      | 2510 ||| DROPPING +1 mace of venom.
  2526 | D:4      | 2526 ||| Stepping ~*~*~tactically~*~*~ (stealth).
  2528 | D:4      | 2528 ||| Stepping ~*~*~tactically~*~*~ (stealth).
  2529 | D:4      | 2529 ||| Stepping ~*~*~tactically~*~*~ (stealth).
  2535 | D:4      | 2535 ||| Stepping ~*~*~tactically~*~*~ (stealth).
  2537 | D:4      | 2537 ||| Stepping ~*~*~tactically~*~*~ (stealth).
  2723 | D:4      | 2723 ||| DROPPING +6 ring of intelligence.
  2724 | D:4      | 2724 ||| READING scroll labelled ASINAO AJOIC.
  2725 | D:4      | 2725 ||| READING scroll labelled KIWAYS WERHOTS.
  2726 | D:4      | 2726 ||| DRINKING 2 fuming blue potions.
  2827 | D:4      | 2827 ||| READING 6 scrolls of identify.
  2827 | D:4      | 2827 ||| IDENTIFYING dark potion
  2828 | D:4      | 2828 ||| READING 5 scrolls of identify.
  2828 | D:4      | 2828 ||| IDENTIFYING bubbling dark potion
  2829 | D:4      | 2829 ||| READING 4 scrolls of identify.
  2829 | D:4      | 2829 ||| IDENTIFYING fizzy dark potion
  2830 | D:4      | 2830 ||| READING 3 scrolls of identify.
  2830 | D:4      | 2830 ||| IDENTIFYING amethyst potion
  2831 | D:4      | 2831 ||| READING 2 scrolls of identify.
  2831 | D:4      | 2831 ||| IDENTIFYING fuming black potion
  2832 | D:4      | 2832 ||| DROPPING potion of ambrosia.
  2833 | D:4      | 2833 ||| DROPPING potion of lignification.
  2834 | D:4      | 2834 ||| DROPPING potion of attraction.
  2873 | D:5      | Entered Level 5 of the Dungeon
  2927 | D:5      | HP: 10/51 [ogre/+0 giant club (17)]
  2928 | D:5      | 2928 ||| DRINKING potion of heal wounds.
  2928 | D:5      | HP: 3/51 [ogre/+0 giant club (21)]
  3245 | D:5      | 3245 ||| READING scroll of enchant weapon.
  3245 | D:5      | 3245 ||| ENCHANTING +1 war axe.
  3261 | D:5      | Found a hazy altar of Hepliaklqana.
  3268 | D:5      | Found a sparkling altar of Nemelex Xobeh.
  3299 | D:5      | Noticed a water moccasin
  3310 | D:5      | Killed a water moccasin
  3311 | D:5      | Reached XP level 7. HP: 37/60 MP: 6/6
  3516 | D:5      | 3516 ||| Stepping ~*~*~tactically~*~*~ (stealth).
  3518 | D:5      | 3518 ||| Stepping ~*~*~tactically~*~*~ (stealth).
  3522 | D:5      | 3522 ||| Stepping ~*~*~tactically~*~*~ (hiding).
  3532 | D:5      | 3532 ||| DRINKING 3 potions of curing.
  3532 | D:5      | 3532 ||| (to cure confusion)
  3534 | D:5      | 3534 ||| DRINKING 2 potions of curing.
  3534 | D:5      | 3534 ||| (to cure confusion)
  3540 | D:5      | Reached skill level 8 in Axes
  3597 | D:5      | Reached skill level 6 in Shields
  3739 | D:5      | Found Boze's Antique Armour Emporium.
  3742 | D:5      | Identified the +3 leather armour "Qemisch" {Int+5 Dex-5}
  3745 | D:5      | 3745 ||| SHOPLISTING pair of runed gloves (195 gold, have
                  | 127).
  3937 | D:5      | 3937 ||| UPGRADING to +0 chain mail.
  3947 | D:5      | 3947 ||| DROPPING +0 scale mail.
  3948 | D:5      | 3948 ||| UPGRADING to +0 plate armour.
  3958 | D:5      | 3958 ||| DROPPING +0 chain mail.
  3959 | D:5      | 3959 ||| READING scroll labelled JINYOREEGU.
  4109 | D:6      | Reached skill level 9 in Axes
  4228 | D:6      | 4228 ||| READING scroll of enchant weapon.
  4228 | D:6      | 4228 ||| ENCHANTING +2 war axe.
  4256 | D:6      | Reached XP level 8. HP: 68/68 MP: 7/7
  4282 | D:6      | HP: 9/68 [orc warrior/+0 long sword (11)]
  4283 | D:6      | 4283 ||| DRINKING potion of heal wounds.
  4515 | D:6      | Noticed Edmund
  4532 | D:6      | Killed Edmund
  4533 | D:6      | Reached skill level 10 in Axes
  4582 | D:6      | 4582 ||| DROPPING +0 flail.
  4583 | D:6      | Found a staircase to the Ecumenical Temple.
  4584 | D:6      | 4584 ||| PLANNING TEMPLE
  4584 | D:6      | 4584 ||| UPGRADING to +0 cloak.
  4597 | Temple   | Entered the Ecumenical Temple
  4597 | Temple   | Found a transporter.
  4597 | Temple   | Found a transporter.
  4599 | Temple   | Found a transporter.
  4599 | Temple   | Found a transporter.
  4609 | Temple   | 4609 ||| PLANNING D:1-11
  4616 | Temple   | Became a worshipper of Ru the Awakened
  4695 | D:6      | 4695 ||| DROPPING +3 flail of holy wrath.
  4929 | D:6      | 4929 ||| READING scroll labelled HYMMAATUPN.
  4930 | D:6      | 4930 ||| DRINKING 3 puce potions.
  4931 | D:6      | 4931 ||| DROPPING 2 potions of brilliance.
  4990 | D:7      | 4990 ||| Stepping ~*~*~tactically~*~*~ (hiding).
  5035 | D:7      | 5035 ||| Stepping ~*~*~tactically~*~*~ (stealth).
  5037 | D:7      | 5037 ||| FLEEEEING.
  5038 | D:7      | 5038 ||| FLEEEEING.
  5039 | D:7      | 5039 ||| FLEEEEING.
  5040 | D:7      | 5040 ||| FLEEEEING.
  5128 | D:7      | 5128 ||| Stepping ~*~*~tactically~*~*~ (hiding).
  5154 | D:7      | 5154 ||| DRINKING 2 potions of curing.
  5154 | D:7      | 5154 ||| (to cure confusion)
  5179 | D:7      | Reached skill level 6 in Fighting
  5251 | D:7      | Found Cesoqeti's Distillery.
  5260 | D:7      | 5260 ||| BUYING 2 potions of haste (200 gold).
  5260 | D:7      | Bought 2 potions of haste for 200 gold pieces
  5260 | D:7      | 5260 ||| BUYING potion of curing (30 gold).
  5260 | D:7      | Bought a potion of curing for 30 gold pieces
  5260 | D:7      | 5260 ||| BUYING potion of curing (30 gold).
  5260 | D:7      | Bought a potion of curing for 30 gold pieces
  5260 | D:7      | 5260 ||| BUYING potion of curing (30 gold).
  5260 | D:7      | Bought a potion of curing for 30 gold pieces
  5260 | D:7      | 5260 ||| SHOPLISTING potion of haste (100 gold, have 1).
  5260 | D:7      | 5260 ||| SHOPLISTING potion of mutation (80 gold, have 1).
  5282 | D:7      | 5282 ||| FLEEEEING.
  5283 | D:7      | 5283 ||| FLEEEEING.
  5284 | D:7      | 5284 ||| FLEEEEING.
  5285 | D:7      | 5285 ||| FLEEEEING.
  5286 | D:7      | 5286 ||| FLEEEEING.
  5287 | D:7      | 5287 ||| FLEEEEING.
  5288 | D:7      | 5288 ||| FLEEEEING.
  5289 | D:7      | 5289 ||| FLEEEEING.
  5290 | D:7      | 5290 ||| FLEEEEING.
  5291 | D:7      | 5291 ||| FLEEEEING.
  5292 | D:7      | 5292 ||| FLEEEEING.
  5293 | D:7      | 5293 ||| FLEEEEING.
  5294 | D:7      | 5294 ||| FLEEEEING.
  5295 | D:7      | 5295 ||| FLEEEEING.
  5296 | D:7      | 5296 ||| FLEEEEING.
  5297 | D:7      | 5297 ||| FLEEEEING.
  5298 | D:7      | 5298 ||| FLEEEEING.
  5299 | D:7      | 5299 ||| FLEEEEING.
  5300 | D:7      | 5300 ||| FLEEEEING.
  5301 | D:7      | 5301 ||| FLEEEEING.
  5302 | D:7      | 5302 ||| FLEEEEING.
  5303 | D:7      | 5303 ||| FLEEEEING.
  5304 | D:7      | 5304 ||| FLEEEEING.
  5305 | D:7      | 5305 ||| FLEEEEING.
  5306 | D:7      | 5306 ||| FLEEEEING.
  5307 | D:7      | 5307 ||| FLEEEEING.
  5308 | D:7      | 5308 ||| FLEEEEING.
  5309 | D:7      | 5309 ||| FLEEEEING.
  5310 | D:7      | 5310 ||| FLEEEEING.
  5311 | D:7      | 5311 ||| FLEEEEING.
  5312 | D:7      | 5312 ||| FLEEEEING.
  5313 | D:7      | 5313 ||| FLEEEEING.
  5314 | D:7      | 5314 ||| FLEEEEING.
  5315 | D:7      | 5315 ||| FLEEEEING.
  5316 | D:7      | 5316 ||| FLEEEEING.
  5317 | D:7      | 5317 ||| FLEEEEING.
  5318 | D:7      | 5318 ||| STAIRDANCE
  5693 | D:8      | Found an opulent altar of Gozag.
  5728 | D:8      | 5728 ||| DROPPING +3 flail of draining.
  5840 | D:8      | Reached skill level 11 in Axes
  5840 | D:8      | Reached XP level 9. HP: 43/70 MP: 8/8
  6046 | D:8      | 6046 ||| Stepping ~*~*~tactically~*~*~ (cloud).
  6048 | D:8      | 6048 ||| Stepping ~*~*~tactically~*~*~ (hiding).
  6166 | D:8      | 6166 ||| INVOKING Sacrifice Skill.
  6166 | D:8      | Gained mutation: You are somewhat unskilled. (-1 Apt) [Ru
                  | sacrifice]
  6166 | D:8      | Reduced skill Axes to level 10
  6166 | D:8      | Reached * piety under Ru
  6286 | D:8      | 6286 ||| Stepping ~*~*~tactically~*~*~ (hiding).
  6287 | D:8      | 6287 ||| Stepping ~*~*~tactically~*~*~ (hiding).
  6296 | D:8      | Reached skill level 11 in Axes
  6365 | D:8      | 6365 ||| Stepping ~*~*~tactically~*~*~ (hiding).
  6366 | D:8      | 6366 ||| Stepping ~*~*~tactically~*~*~ (hiding).
  6368 | D:8      | 6368 ||| Stepping ~*~*~tactically~*~*~ (hiding).
  6369 | D:8      | 6369 ||| Stepping ~*~*~tactically~*~*~ (hiding).
  6418 | D:8      | Found Oghodyowao's Magic Scroll Emporium.
  6419 | D:8      | 6419 ||| Stepping ~*~*~tactically~*~*~ (stealth).
  6515 | D:8      | 6515 ||| FLEEEEING.
  6612 | D:8      | Reached skill level 12 in Axes
  6885 | D:8      | Reached XP level 10. HP: 69/84 MP: 9/9
  7142 | D:8      | Noticed a boulder beetle
  7171 | D:8      | HP: 16/86 [boulder beetle (12)]
  7172 | D:8      | 7172 ||| READING scroll of teleportation.
  7557 | D:8      | 7557 ||| BUYING scroll of enchant weapon (90 gold).
  7557 | D:8      | Bought a scroll of enchant weapon for 90 gold pieces
  7557 | D:8      | 7557 ||| SHOPLISTING scroll of enchant weapon (90 gold,
                  | have 66).
  7557 | D:8      | 7557 ||| BUYING scroll of identify (24 gold).
  7557 | D:8      | Bought a scroll of identify for 24 gold pieces
  7557 | D:8      | 7557 ||| BUYING scroll of teleportation (36 gold).
  7557 | D:8      | Bought a scroll of teleportation for 36 gold pieces
  7557 | D:8      | 7557 ||| SHOPLISTING scroll of teleportation (36 gold, have
                  | 6).
  7557 | D:8      | 7557 ||| READING scroll of enchant weapon.
  7557 | D:8      | 7557 ||| ENCHANTING +3 war axe.
  7647 | D:8      | Noticed a centaur warrior
  7651 | D:8      | Noticed a cyclops
  7657 | D:8      | Killed a centaur warrior
  7658 | D:8      | Reached skill level 3 in Throwing
  7661 | D:8      | Killed a cyclops
  7662 | D:8      | Reached skill level 6 in Armour
  7910 | D:8      | Identified the +7 quarterstaff of Charity {elec, Int+3}
  7924 | D:8      | HP: 4/86 [boulder beetle (21)]
  7925 | D:8      | 7925 ||| READING 2 scrolls of teleportation.
  7925 | D:8      | Slain by a boulder beetle

Levels and vault maps discovered:
D:1:      tarquinn_simple_flora_water_b, layout_loops_ring, minmay_octomino_c4
D:2:      layout_loops_cross, dk_vineyard_3, minmay_misc_feat_iff,
          serial_bayou_ford_a, lightli_corner_chamber, uniq_jessica
D:3:      layout_basic, serial_shops, shop, gammafunk_ghost_cemetery,
          basic_ecumenical_altar, minmay_box_of_dots, uniq_terence, uniq_sigmund
D:4:      layout_cave_pods, serial_bayou_lagoon_a, nicolae_stop_n_shop_1
D:5:      layout_loops_cross, amethyst_overflow_temple_binary, serial_shops,
          nicolae_diamond_shop
D:6:      layout_rooms, minmay_temple_entry_trees, uniq_edmund
D:7:      layout_basic, serial_shops, shop
D:8:      layout_loops_ring, grunt_gozag_breadcrumbs, serial_shops,
          nicolae_shop_waterfront, supply_closet_lemuel, minmay_diamond_spiral
Temple:   hellmonk_temple_divided_pantheon

Skill      XL: |  1  2  3  4  5  6  7  8  9 10 |
---------------+-------------------------------+-----
Axes           | 3 4 5 7 9 11 12 | 12.0
Shields        | 4 5 6 7 8 |  8.1
Dodging        | 1 2 |  2.0
Fighting       | 4 5 6 7 |  7.2
Armour         | 4 5 5 6 |  6.1
Throwing       | 3 |  3.0

Action                   |  1- 3 |  4- 6 |  7- 9 | 10-12 || total
-------------------------+-------+-------+-------+-------++-------
Melee: War axe           |    50 |    74 |   243 |    44 ||   411
       Headbutt          |     7 |     9 |    42 |    20 ||    78
Throw: Boomerang         |       |     8 |    13 |     1 ||    22
Invok: Sacrifice Skill   |       |       |     1 |       ||     1
  Use: Scroll            |     8 |     9 |     3 |     3 ||    23
       Potion            |     3 |     2 |     5 |       ||    10
 Stab: Distracted        |       |       |       |     1 ||     1
Armor: Scale mail        |     9 |    13 |    14 |       ||    36
       Plate armour      |       |       |    89 |     8 ||    97
Dodge: Dodged            |    16 |    31 |    92 |     6 ||   145
Block: Buckler           |     5 |       |       |       ||     5
       Kite shield       |     5 |    26 |    94 |    18 ||   143

Table legend:
 A = Non-vault XP
 B = Vault XP
 C = Vault XP percentage of total XP
 D = Non-vault monster count
 E = Vault monster count
 F = Vault count percentage of total count
                 A         B        C        D         E       F
            +---------+---------+-------+---------+---------+-------
      Total |    5348 |    2078 |  28.0 |     124 |      18 |  12.7
            +---------+---------+-------+---------+---------+-------
        D:1 |      16 |       9 |  36.0 |       9 |       6 |  40.0
        D:2 |      21 |      37 |  63.8 |      12 |       1 |   7.7
        D:3 |      21 |     289 |  93.2 |       5 |       7 |  58.3
        D:4 |      81 |       0 |   0.0 |      16 |       0 |   0.0
        D:5 |     658 |       0 |   0.0 |      13 |       0 |   0.0
        D:6 |     675 |     162 |  19.4 |      16 |       1 |   5.9
        D:7 |     589 |       0 |   0.0 |      23 |       0 |   0.0
        D:8 |    3287 |    1581 |  32.5 |      30 |       3 |   9.1
            +---------+---------+-------+---------+---------+-------
